 Dungeon Crawl Stone Soup version 0.17-a0-2122-g03d97ec (webtiles) character file.

795 fredomojojo the Shield-Bearer (level 8, -6/61 HPs)
             Began as a Formicid Fighter on Oct 21, 2015.
             Was an Initiate of Nemelex Xobeh.
             Mangled by an ogre
             ... wielding a +0 giant club
              (19 damage)
             ... on level 4 of the Dungeon on Oct 22, 2015.
             The game lasted 00:44:50 (3775 turns).

fredomojojo the Shield-Bearer (Formicid Fighter)    Turns: 3775, Time: 00:44:51

Health: -6/61      AC:  7    Str: 23    XL:     8   Next: 13%
Magic:  8/8        EV: 10    Int:  8    God:    Nemelex Xobeh [......]
Gold:   186        SH: 10    Dex: 10    Spells: 0 memorised, 7 levels left

rFire  . . .     SeeInvis +     a - +0 long sword
rCold  . . .     Clarity  .     b - +0 scale mail
rNeg   . . .     SustAt   .     c - +0 shield
rPois  +         Gourm    .     (helmet unavailable)
rElec  .         Spirit   .     (no cloak)
rCorr  .         Warding  .     (no gloves)
rMut   .         Stasis   +     (no boots)
MR     .....                    (no amulet)
Stlth  ..........               s - ring of wizardry
                                o - ring of poison resistance

@: not resistant to hostile enchantments, extremely unstealthy
A: permanent stasis, dig shafts and tunnels, four strong arms, antennae 3
a: Dig, Shaft Self, Renounce Religion


You were on level 4 of the Dungeon.
You worshipped Nemelex Xobeh.
Nemelex Xobeh was noncommittal.
You were not hungry.

You visited 1 branch of the dungeon, and saw 4 of its levels.

You collected 186 gold pieces.

Inventory:

Hand Weapons
 a - a +0 long sword (weapon)
 e - a +0 hand axe
 i - a +0 scythe
 r - a +0 rapier
 z - a +0 hunting sling
Missiles
 h - 53 stones (quivered)
 C - 11 sling bullets
Armour
 b - a +0 scale mail (worn)
 c - a +0 shield (worn)
 B - a +0 helmet
Jewellery
 o - a ring of poison resistance (left hand)
 s - a ring of wizardry (right hand)
Scrolls
 f - 2 scrolls of remove curse
 l - a scroll of magic mapping {unknown}
 n - a scroll of amnesia
 p - a scroll of blinking
 q - a scroll of fog {unknown}
 t - a scroll of teleportation {unknown}
 w - 2 scrolls of random uselessness {unknown}
 x - a scroll of identify
 y - a scroll of immolation {unknown}
Potions
 d - 2 potions of might
 j - a potion of curing
 k - 2 potions of lignification
 m - 2 potions of invisibility
 u - a potion of flight {unknown}
 A - a potion of agility
Miscellaneous
 D - a plain deck of war
Comestibles
 g - a beef jerky
 v - 2 meat rations


   Skills:
 + Level 4.8 Fighting
 + Level 3.6 Long Blades
 + Level 0.7 Throwing
 + Level 5.6 Armour
 + Level 2.4 Dodging
 + Level 1.0 Stealth
 + Level 6.6 Shields


You had 7 spell levels left.
You didn't know any spells.

Dungeon Overview and Level Annotations

Branches:
Dungeon (4/15)
 Temple: D:4-7

Altars:
Makhleb
Nemelex Xobeh
Xom


Innate Abilities, Weirdness & Mutations

You are under a permanent stasis effect.
You can dig through walls and to a lower floor.
Your four strong arms can wield two-handed weapons with a shield.
You have a pair of large antennae on your head (SInv).


Message History

You block the ogre's attack.
You hit the ogre but do no damage. You slash the ogre!
The ogre is moderately wounded.
The ogre hits you with a giant club!
You hit the ogre.
The ogre is moderately wounded.
The ogre hits you with a giant club.
You hit the ogre.
The ogre is heavily wounded.
The ogre barely misses you.
You barely miss the ogre.
The ogre is heavily wounded.
The ogre hits you with a giant club!
* * * LOW HITPOINT WARNING * * *
You slash the ogre!
The ogre is severely wounded.
The ogre hits you with a giant club!!
You die...
Your body disappears without a glow.

## #.# ##
#.# .8
#.######
##
#......#
##
#######.#
§# .. #.#
.# #. #.#
§#
#O####.#
##
#.@....#
##
########


You could see an ogre.

Vanquished Creatures
  The ghost of nublet the Insei, an amateur DsMo (D:3)
  Sigmund (D:2)
  2 ogres
  2 orc priests
  2 orc wizards (D:3)
  3 adders (D:2)
  2 oozes
  2 worms
  An adder skeleton (D:4)
  2 giant geckos
  14 orcs
  5 bats
  A giant cockroach (D:3)
  9 hobgoblins
  6 jackals (D:2)
  2 quokkas (D:2)
  12 giant newts
  6 goblins
  13 kobolds
  12 rats
  A plant (D:1)
99 creatures vanquished.

Notes
Turn   | Place    | Note
--------------------------------------------------------------
     0 | D:1      | fredomojojo the Formicid Fighter began the quest for the Orb.
     0 | D:1      | Reached XP level 1. HP: 18/18 MP: 1/1
   221 | D:1      | Reached XP level 2. HP: 24/24 MP: 2/2
   452 | D:2      | Noticed Sigmund
   479 | D:2      | Killed Sigmund
   479 | D:2      | Reached skill level 4 in Fighting
   479 | D:2      | Reached skill level 1 in Dodging
   479 | D:2      | Reached skill level 5 in Shields
   479 | D:2      | Reached XP level 3. HP: 3/30 MP: 3/3
   479 | D:2      | Reached XP level 4. HP: 3/37 MP: 4/4
   479 | D:2      | Reached XP level 5. HP: 3/42 MP: 5/5
  1338 | D:1      | Reached XP level 6. HP: 48/48 MP: 6/6
  2272 | D:4      | Reached skill level 5 in Armour
  2272 | D:4      | Reached XP level 7. HP: 15/55 MP: 7/7
  2687 | D:3      | Found a shimmering altar of Xom.
  2963 | D:3      | Noticed nublet's ghost (amateur DsMo)
  3003 | D:3      | Killed nublet's ghost
  3003 | D:3      | Reached skill level 6 in Shields
  3209 | D:3      | Found a burning altar of Makhleb.
  3209 | D:3      | Noticed a cacodemon
  3213 | D:3      | Noticed an orange demon
  3213 | D:3      | Noticed a hellwing
  3305 | D:3      | Reached XP level 8. HP: 49/61 MP: 8/8
  3568 | D:4      | Found a sparkling altar of Nemelex Xobeh.
  3582 | D:4      | Became a worshipper of Nemelex Xobeh the Trickster
  3659 | D:4      | Reached skill level 1 in Stealth
  3735 | D:4      | Received a gift from Nemelex Xobeh
  3775 | D:4      | Mangled by an ogre

Vault maps used:
D:1:      dpeg_arrival_boxorama, serial_forest, infiniplex_forest_straight_2,
          infiniplex_forest_lined_2, infiniplex_forest_end_2,
          infiniplex_forest_clump_medium, infiniplex_forest_lined_room_,
          roderic_lattice_a, serial_park_tiny_2, minmay_newt_pond
D:2:      uniq_sigmund
D:3:      lemuel_doored_altar, makhleb_altar_promises_db, first_bread,
          solitary_fountain, serial_bayou_ford_a
D:4:      nemelex_altar_shiori, minmay_misc_feat_ornament

Action                   |  1- 3 |  4- 6 |  7- 9 || total
-------------------------+-------+-------+-------++-------
Melee: Long sword        |    47 |   266 |   157 ||   470
 Fire: Hunting sling     |       |       |     4 ||     4
Throw: Stone             |     5 |    17 |    31 ||    53
  Use: Scroll            |       |       |     3 ||     3
       Potion            |       |       |     2 ||     2
 Stab: Invisible         |       |       |     3 ||     3
  Eat: Bread ration      |       |     1 |     1 ||     2
       Fruit             |       |     1 |     2 ||     3
